Map: [ESL] Data-C

Players

Creature - Winner!

  • Race: Protoss Protoss
  • Spawn Location: 9:00

Namshar

  • Race: Zerg Zerg
  • Spawn Location: 3:00

Event: DreamHack SC2 Masters 2022 Atlanta (Online)

VOD

Have the link to the VOD?

Description

Time

  • Played on: Oct. 9, 2022, 2:54 p.m.
  • Length: 13:03

All games in this series

Show
View Real Time Build Order
Export as new Build Order

Creature Protoss - Winner!

Build Orders: 1 Gate Expand, Oracle Opening, Zealot Archon, Archon Drop 

Get SALT Encoding   

  12  0:00  Probe  
  13  0:12  Probe  
  14  0:18  Pylon  
  14  0:25  Probe  
  15  0:36  Gateway  
  15  0:38  Probe (Chrono Boost)  
  16  0:48  Probe (Chrono Boost)  
  16  0:49  Assimilator  
  17  0:53  Probe (Chrono Boost)  
  18  1:04  Probe  
  19  1:16  Probe  
  20  1:24  Nexus  
  20  1:34  Cybernetics Core  
  20  1:38  Probe  
  21  1:44  Assimilator  
  21  1:51  Pylon  
  21  1:54  Probe  
  22  2:06  Probe (Chrono Boost)  
  23  2:09  Adept (Chrono Boost)  
  25  2:19  Probe (Chrono Boost)  
  25  2:21  Stargate  
  26  2:27  Probe (Chrono Boost)  
  27  2:30  Warp Gate  
  27  2:35  Adept  
  27  2:36  Probe (Chrono Boost)  
  31  2:37  Probe (Chrono Boost)  
  31  2:46  Probe (Chrono Boost)  
  31  2:48  Probe (Chrono Boost)  
  33  2:52  Probe  
  33  2:57  Probe  
  35  3:03  Oracle (Chrono Boost)  
  35  3:04  Probe  
  39  3:09  Probe  
  40  3:14  Gateway  
  40  3:17  Probe, Pylon  
  41  3:21  Probe  
  42  3:29  Probe  
  42  3:33  Probe  
  44  3:38  Nexus  
  44  3:42  Pylon  
  44  3:45  Probe (Chrono Boost)  
  45  3:49  Oracle  
  45  3:54  Probe (Chrono Boost)  
  49  3:57  Probe (Chrono Boost)  
  49  4:00  Assimilator  
  50  4:04  Assimilator  
  50  4:06  Probe (Chrono Boost)  
  50  4:07  Probe (Chrono Boost)  
  52  4:12  Twilight Council, Probe  
  52  4:13  Robotics Facility  
  52  4:16  Probe  
  54  4:22  Pylon  
  54  4:26  Probe  
  54  4:31  Adept  
  57  4:33  Shield Battery  
  57  4:35  Probe, Pylon  
  58  4:39  Charge (Chrono Boost)  
  58  4:40  Probe  
  58  4:41  Stalker  
  61  4:47  Probe  
  61  4:52  Probe  
  66  4:53  Probe  
  66  4:59  Probe  
  68  5:03  Gateway  
  68  5:04  Warp Prism (Chrono Boost)  
  68  5:05  Gateway  
  65  5:12  Templar Archives  
  67  5:15  Probe  
  67  5:16  Probe x2  
  70  5:27  Probe  
  71  5:37  Probe  
  71  5:40  Gateway  
  71  5:41  Gateway  
  71  5:42  Gateway  
  72  5:43  Gateway x2  
  72  5:46  Pylon  
  72  5:53  High Templar x2  
  76  5:57  Archon  
  76  5:58  High Templar  
  76  5:59  High Templar  
  76  6:00  Probe  
  76  6:01  Probe x2  
  83  6:05  Archon, Pylon  
  83  6:09  Pylon  
  83  6:12  Probe  
  83  6:13  Probe  
  83  6:16  Probe  
  86  6:28  Assimilator x2  
  86  6:34  Pylon  
  86  6:36  Pylon  
  86  6:37  Zealot x7  
  86  6:39  Zealot x2  
  82  7:06  Probe  
  79  7:09  High Templar  
  79  7:10  High Templar x3  
  79  7:11  Zealot x5, Probe  
  79  7:12  Immortal (Chrono Boost)  
  79  7:13  Blink (Chrono Boost)  
  100  7:18  Pylon  
  100  7:19  Archon  
  100  7:20  Archon, Pylon  
  100  7:22  Probe  
  101  7:23  Probe  
  101  7:27  Forge  
  101  7:29  Gateway  
  102  7:33  Probe  
  102  7:35  High Templar x2  
  107  7:42  Archon  
  107  7:45  Zealot x7  
  121  7:56  Pylon  
  121  7:57  Pylon  
  119  8:09  Zealot x9  
  135  8:21  Pylon  
  105  8:35  Sentry, Stalker x8  
  105  8:40  Protoss Ground Weapons Level 1 (Chrono Boost)  
  117  8:42  Immortal (Chrono Boost)  
  117  8:49  Nexus  
  117  8:53  Psionic Storm  
  117  8:59  Pylon  
  117  9:00  Probe  
  118  9:05  Robotics Bay  
  118  9:10  High Templar x3  
  118  9:11  High Templar  
  118  9:13  Immortal (Chrono Boost)  
  130  9:27  Probe x2  
  130  9:28  Shield Battery  
  132  9:32  Shield Battery, Photon Cannon  
  132  9:34  Photon Cannon  
  132  9:36  Photon Cannon, Pylon  
  132  9:43  Zealot  
  132  9:44  Observer (Chrono Boost)  
  135  9:49  Probe x2  
  135  9:50  High Templar x2  
  140  9:55  Zealot  
  140  9:57  Disruptor, Archon  
  145  10:04  Probe  
  145  10:05  Probe x3  
  149  10:19  Stalker x2  
  149  10:20  High Templar  
  149  10:21  High Templar  
  157  10:22  Zealot x5  
  157  10:24  Assimilator  
  157  10:25  Assimilator  
  157  10:26  Archon  
  167  10:37  Disruptor  
  166  10:46  Stalker x2  
  166  10:47  Stalker x6  
  176  10:50  Probe  
  163  10:57  Probe (Chrono Boost)  
  163  10:59  Probe (Chrono Boost)  
  163  11:01  Probe (Chrono Boost)  
  157  11:06  Probe (Chrono Boost)  
  157  11:10  Probe (Chrono Boost)  
  159  11:15  Zealot x10  
  159  11:16  Probe (Chrono Boost)  
  159  11:17  Probe (Chrono Boost)  
  181  11:33  Probe  
  176  11:40  Stalker x3  
  176  11:41  Stalker x5  
  156  11:54  Probe  
  156  11:57  Stalker x2  
  159  12:06  Stalker x5  
  149  12:19  Stalker x3  
  155  12:41  Stalker x4  
  155  12:42  Probe  
  156  12:44  Probe  
  156  12:47  Probe  
  156  12:50  Probe  
  151  12:54  Zealot x5  
Show
View Real Time Build Order
Export as new Build Order

Namshar Zerg 

Build Orders: Hatch First 

Get SALT Encoding   

  12  0:00  Drone  
  13  0:12  Overlord  
  13  0:16  Drone  
  14  0:30  Drone x2  
  16  0:48  Hatchery  
  15  0:51  Drone  
  15  0:55  Drone  
  17  0:59  Drone  
  18  1:09  Extractor  
  17  1:14  Spawning Pool  
  17  1:17  Drone  
  17  1:20  Drone  
  18  1:27  Drone  
  19  1:39  Drone  
  20  1:49  Drone  
  21  2:01  Queen x2  
  21  2:03  Zergling x2, Overlord  
  26  2:11  Drone  
  26  2:12  Metabolic Boost  
  27  2:16  Drone  
  27  2:22  Drone x2  
  30  2:32  Drone x2  
  32  2:39  Hatchery  
  32  2:43  Drone  
  32  2:45  Overlord  
  32  2:52  Queen  
  32  2:56  Drone  
  32  2:57  Overlord  
  35  3:06  Zergling x2  
  35  3:07  Zergling x2  
  35  3:11  Drone x3  
  35  3:12  Drone  
  41  3:14  Drone x2  
  43  3:21  Overlord  
  43  3:23  Queen  
  45  3:29  Spore Crawler  
  45  3:33  Queen  
  46  3:36  Drone x2  
  46  3:39  Drone  
  49  3:42  Drone  
  49  3:43  Overlord  
  49  3:46  Spore Crawler  
  49  3:50  Drone x3  
  52  3:56  Overlord  
  52  3:58  Queen  
  54  4:03  Drone  
  54  4:04  Drone x2  
  57  4:17  Overlord  
  57  4:19  Zergling x10  
  57  4:21  Drone x3  
  65  4:28  Drone  
  66  4:35  Evolution Chamber  
  66  4:37  Lair, Roach Warren  
  64  4:40  Drone x4, Extractor  
  64  4:41  Drone, Extractor  
  64  4:45  Drone x3  
  70  4:51  Overlord  
  70  4:52  Drone x3  
  73  4:54  Drone  
  73  4:55  Drone  
  75  5:01  Zerg Melee Weapons Level 1, Overlord  
  75  5:02  Drone  
  75  5:05  Drone x3  
  79  5:09  Extractor  
  79  5:11  Spore Crawler  
  79  5:12  Drone x2  
  79  5:16  Drone  
  79  5:17  Drone x2  
  82  5:21  Extractor  
  82  5:23  Extractor  
  82  5:26  Drone x3  
  82  5:32  Drone x2  
  82  5:33  Drone x3  
  82  5:35  Roach  
  88  5:39  Spire  
  88  5:42  Roach x2  
  92  5:43  Roach  
  91  5:52  Roach x3  
  91  5:56  Spore Crawler  
  96  5:59  Hatchery, Roach  
  96  6:02  Overlord x2  
  96  6:03  Overlord  
  97  6:06  Ravager  
  98  6:14  Overlord x3  
  98  6:22  Roach x7  
  98  6:24  Roach  
  112  6:26  Drone  
  113  6:34  Roach  
  113  6:35  Roach x2  
  113  6:39  Ravager  
  120  6:40  Ravager  
  120  6:41  Ravager x2  
  121  6:48  Roach x5  
  121  6:53  Roach  
  124  6:57  Roach x4  
  120  7:10  Drone x5  
  120  7:11  Drone x2  
  120  7:12  Drone x3  
  120  7:15  Queen  
  130  7:16  Extractor  
  130  7:22  Glial Reconstitution  
  131  7:23  Zerg Melee Weapons Level 2  
  131  7:26  Baneling Nest  
  131  7:27  Extractor  
  129  7:30  Drone x5  
  129  7:35  Overlord x2  
  134  7:38  Queen  
  136  7:49  Drone  
  136  7:50  Drone  
  136  7:51  Drone x2  
  140  7:53  Zergling x16  
  140  7:54  Ravager x2  
  140  7:55  Ravager x2  
  151  8:01  Ravager x2  
  151  8:02  Ravager x4  
  157  8:06  Roach  
  157  8:07  Roach x4  
  157  8:09  Ravager  
  157  8:12  Baneling x5  
  168  8:16  Baneling x3  
  153  8:29  Roach x6  
  154  8:36  Drone  
  155  8:42  Drone x2  
  155  8:44  Drone  
  155  8:45  Overlord x2  
  155  8:46  Overlord x2  
  155  8:47  Overlord  
  157  8:53  Centrifugal Hooks  
  157  8:56  Zergling x2, Baneling  
  157  8:57  Zergling x12  
  157  8:58  Zergling x2  
  157  9:02  Zerg Flyer Weapons Level 1  
  165  9:10  Queen x3  
  165  9:11  Queen  
  173  9:20  Zergling x8  
  173  9:24  Baneling x4  
  177  9:38  Drone x6  
  180  9:39  Drone x2, Zerg Missile Weapons Level 1  
  180  9:43  Hatchery  
  180  9:44  Overseer  
  183  9:51  Baneling x7  
  183  9:52  Baneling x9  
  183  9:56  Ravager  
  183  9:57  Ravager x4  
  183  9:58  Zergling x24  
  198  10:17  Drone  
  198  10:18  Drone x3, Spine Crawler  
  198  10:19  Spine Crawler x3  
  198  10:20  Zergling x2  
  198  10:21  Zergling x6  
  199  10:28  Baneling x10  
  199  10:29  Baneling x8  
  195  10:45  Zergling x2  
  195  10:46  Zergling x8  
  186  11:00  Zergling x22  
  186  11:01  Zergling x12  
  199  11:06  Baneling x5  
  199  11:07  Baneling x6  
  199  11:11  Baneling x3  
  199  11:12  Spine Crawler  
  199  11:13  Spine Crawler  
  199  11:14  Spine Crawler  
  199  11:15  Zergling x2  
  197  11:19  Baneling x6  
  185  11:32  Zergling x2  
  185  11:33  Zergling x14  
  178  11:45  Zergling x18, Roach  
  176  11:51  Zergling x14, Roach  
  176  11:52  Zergling x6  
  167  11:56  Roach  
  167  11:57  Roach x6  
  167  12:00  Baneling  
  167  12:01  Baneling  
  162  12:02  Baneling x2  
  154  12:11  Roach  
  154  12:12  Roach x6  
  127  12:16  Roach x2  
  127  12:17  Zergling x2  
  127  12:23  Ravager x2  
  127  12:26  Zergling x6  
  127  12:29  Zergling x2  
  132  12:30  Zergling x4  
  121  12:43  Zergling x12  
Tags
 
Add a new tag
Caveats
  • Supply blocks, unpowered buildings, or Contaminate may cause inaccurate times.
  • Supply counts are checked every 10 seconds.